 Dungeon Crawl Stone Soup version 0.30.1-4-g462c640d31 (webtiles) character file.

Game seed: 5891310106548741714

6527 mortz the Conjurer (level 10, -1/51 (69) HPs)
             Began as a Demigod Conjurer on Sept 9, 2023.
             Shot with a sling bullet by a minotaur (5 damage)
             ... in a Gauntlet.
             The game lasted 01:15:03 (12359 turns).

mortz the Conjurer (Demigod Conjurer)              Turns: 12359, Time: 01:15:04

HP:   -1/51 (69)    AC: 14    Str: 16    XL:     10   Next: 42%
MP:   12/23         EV: 13    Int: 28    God:
Gold: 18            SH:  0    Dex: 14    Spells: 8/21 levels left

rFire   . . .        v - +4 falchion of Distraction {venom, rElec Dex+2}
rCold   + . .        (no shield)
rNeg    . . .        K - +0 troll leather armour
rPois   .            S - +0 helmet of Nedont {rC+}
rElec   +            T - +1 cloak of Ogaigaro {Str+4}
rCorr   .            (no gloves)
SInv    +            f - +2 pair of boots
Will    +....        i - amulet of magic regeneration
Stlth   +++          H - +4 ring of protection
HPRegen 1.08/turn    V - ring of see invisible
MPRegen 0.58/turn

%: no teleportation
@: hasted, very heavily drained, very quick
A: high MP 1, forlorn, divine attributes
a: no special abilities


You were in a Gauntlet.
You visited 3 branches of the dungeon, and saw 11 of its levels.
You also visited: Gauntlet.

You collected 517 gold pieces.
You spent 499 gold pieces at shops.

Inventory:

Hand Weapons
 a - a +5 mace
 g - a +2 dagger of venom
 v - the +4 falchion of Distraction (weapon) {venom, rElec Dex+2}
   (You found it on level 2 of the Dungeon)

   Dex:       It affects your dexterity (+2).
   rElec:     It insulates you from electricity.
 y - a +0 morningstar
 A - a +4 long sword
 D - a +5 battleaxe
 E - a +4 halberd
 L - a +4 shortbow
Missiles
 s - 24 poisoned darts
 t - 9 boomerangs
Armour
 f - a +2 pair of boots (worn)
 p - a +0 pair of boots of rampaging
 B - a +2 robe of fire resistance
 I - a +0 plate armour of cold resistance
 K - a +0 troll leather armour (worn)
 S - the +0 helmet of Nedont (worn) {rC+}
   (You bought it in a shop on level 2 of the Dungeon)

   rC:        It protects you from cold.
 T - the +1 cloak of Ogaigaro (worn) {Str+4}
   (You found it in a Gauntlet)

   Str:       It affects your strength (+4).
Magical Staves
 G - a staff of cold
Jewellery
 i - an amulet of magic regeneration (around neck)
 m - a ring of resist corrosion
 x - an amulet of guardian spirit
 H - a +4 ring of protection (left hand)
 M - an amulet of the acrobat
 V - a ring of see invisible (right hand)
Wands
 l - a wand of polymorph (4)
 F - a wand of flame (24)
 N - a wand of charming (5)
 O - a wand of light (4)
 Q - a wand of mindburst (2)
 W - a wand of digging (4)
 X - a wand of iceblast (6)
Scrolls
 c - 4 scrolls of teleportation
 h - 3 scrolls of immolation
 j - a scroll of fear
 q - a scroll of magic mapping
 r - a scroll of poison
 P - a scroll of blinking {unknown}
 R - a scroll of amnesia
Potions
 b - a potion of magic
 d - 2 potions of cancellation
 e - a potion of mutation
 k - a potion of heal wounds
 n - 3 potions of resistance
 o - a potion of ambrosia
 u - 3 potions of attraction
 w - 3 potions of curing
 z - a potion of haste
 C - 2 potions of might
 J - a potion of berserk rage
 U - a potion of brilliance {unknown}


   Skills:
 + Level 4.1 Long Blades
 + Level 2.8 Armour
 + Level 5.0 Dodging
 + Level 5.4 Stealth
 * Level 6.3 Spellcasting
 * Level 7.6 Conjurations
 * Level 6.3 Translocations
 + Level 3.0 Transmutations
 + Level 3.0 Earth Magic


You had 8 spell levels left.
You knew the following spells:

 Your Spells              Type           Power      Damage    Failure   Level
a - Magic Dart            Conj           100%       1d8       1%          1
b - Searing Ray           Conj           100%       2d8       1%          2
c - Iskenderun's Mystic   Conj/Tloc      47%        2d10      4%          4
d - Fulminant Prism       Conj/Hex       15%        3d10      14%         4
p - Passwall              Tmut/Erth      20%        N/A       3%          2

Your spell library contained the following spells:

 Spells                   Type           Power      Damage    Failure   Level
 Kiss of Death            Conj/Necr      100%       2d13      1%          1
 Sting                    Tmut/Pois      68%        1d6       3%          1
 Dazzling Flash           Conj/Hex       60%        N/A       4%          3
 Necrotise                Necr           32%        1d5       7%          1
 Ensorcelled Hibernation  Hex/Ice        16%        N/A       11%         2
 Poisonous Vapours        Pois/Air       16%        N/A       11%         2
 Swiftness                Air            8%         N/A       22%         3
 Vampiric Draining        Necr           8%         2d6       22%         3
 Irradiate                Conj/Tmut      19%        3d18      22%         5
 Olgreb's Toxic Radiance  Pois           8%         N/A       56%         4
 Agony                    Necr           8%         N/A       89%         5
 Orb of Destruction       Conj           25%        9d9       95%         7


Dungeon Overview and Level Annotations

Branches:
Dungeon (9/15)             Temple (1/1) D:6            Lair (1/5) D:8
Gauntlet (1/1)
    Orc: D:9-12

Shops:
D:2 ?[:?   D:3 *   D:6 :

Annotations:
D:6 3 runed translucent doors, ranchalot's ghost, novice DrAE
D:8 1 runed translucent door, Pyropingo's ghost, novice MiBe Gauntlet 8 transporters, 2 runed translucent doors, exclusion: orange crystal statue


Innate Abilities, Weirdness & Mutations

You have an increased reservoir of magic. (+10% MP)
You shall have no god before yourself.
Your divine heritage dramatically boosts your attributes as you level up.


Message History

The sling bullet hits you but does no damage.
You feel drained.
The minotaur shoots a sling bullet.
The sling bullet hits you.
You feel drained.
There is an open door, spattered with blood here.
Casting: Searing Ray (safe; 1% risk of failure)
Confirm with . or Enter, or press ? or * to list all spells.
You erupt in a blast of force!
The mystic blast hits the minotaur but does no damage.
The minotaur is lightly wounded.
Casting: Iskenderun's Mystic Blast (dangerous; 4% risk of failure)
Confirm with . or Enter, or press ? or * to list all spells.
You erupt in a blast of force!
The mystic blast hits the minotaur but does no damage.
The minotaur is lightly wounded.
The minotaur shoots a sling bullet.
The sling bullet hits you!!
You feel drained.
As you read the scroll of fear, it crumbles to dust.
You assume a fearsome visage.
The minotaur easily resists.
The minotaur shoots a sling bullet.
The sling bullet hits you!
* * * LOW HITPOINT WARNING * * *
You feel drained.
* * * LOW HITPOINT WARNING * * *
You feel much better.
The minotaur shoots a sling bullet.
The sling bullet hits you!
You feel drained.
The minotaur shoots a sling bullet.
The sling bullet hits you!
* * * LOW HITPOINT WARNING * * *
You feel drained.
* * * LOW HITPOINT WARNING * * *
There is a gate leading back out of this place here.
Items here: (( )) /// :: |.
N - a wand of charming (5);
W - a wand of digging (4)
X - a wand of iceblast (6)
You pick up the Treatise on Attacks and begin reading...
You add the spells Irradiate and Orb of Destruction to your library.
You pick up a Young Poisoner's Handbook and begin reading...
You add the spells Sting, Poisonous Vapours and Olgreb's Toxic Radiance to your library.
The minotaur shoots a sling bullet.
The sling bullet hits you.
You die...

#..........
#.###.###.#
#.###.###.###.#
#.............#
#######'#######
#.H...# ###.###
#≈...≈# #≈≈@≈≈#
#≈≈≈≈≈# #######


You could see a minotaur.

Vanquished Creatures
  A hell hog (Gauntlet)
  A two-headed ogre (D:9)
  An ice statue (Gauntlet)
  A rime drake (Gauntlet)
  A troll (D:8)
  3 shadows (Gauntlet)
  A wyvern (D:9)
  3 fire bats (Gauntlet)
  2 steam dragons (D:8)
  A water moccasin (D:6)
  A hell hound (Gauntlet)
  An orc warrior (D:8)
  An ice beast (D:6)
  A black bear (D:6)
  3 ogres
  4 centaurs
  The ghost of Danienth the Grave Robber, an amateur DsNe (D:4)
  2 phantoms (D:4)
  3 kobold brigands
  2 scorpions
  4 bullfrogs
  A wyvern zombie (D:4)
  10 wights
  4 hounds (D:5)
  A jelly (D:4)
  A bullfrog zombie (D:4)
  A centaur skeleton (D:4)
  3 orc priests
  5 iguanas
  Jessica (D:2)
  A sleepcap (D:5)
  Natasha (thrice) (D:3)
  6 orc wizards
  7 adders
  A shadow imp (D:8)
  6 white imps
  A worm (D:2)
  A dart slug (D:1)
  25 orcs
  2 bats (D:1)
  9 endoplasms
  2 giant cockroaches
  4 hobgoblins
  6 jackals
  31 kobolds
  4 quokkas
  7 ball pythons
  2 frilled lizards
  6 goblins
  3 hobgoblin zombies (D:8)
  3 kobold zombies (D:8)
  2 orc skeletons (D:8)
  5 rats
202 creatures vanquished.

Vanquished Creatures (others)
  10 fulminant prisms (Gauntlet)
10 creatures vanquished.

Grand Total: 212 creatures vanquished

Notes
Turn   | Place    | Note
-------+----------+-------------------------------------------
     0 | D:1      | mortz the Demigod Conjurer began the quest for the Orb.
     0 | D:1      | Reached XP level 1. HP: 14/14 MP: 5/5
   266 | D:1      | Reached XP level 2. HP: 20/20 MP: 4/7
   847 | D:2      | Reached XP level 3. HP: 26/26 MP: 2/8
   850 | D:2      | Learned a level 2 spell: Searing Ray
   954 | D:2      | Found Ezy Heron's Magic Scroll Shoppe.
   957 | D:2      | Bought a scroll of magic mapping for 75 gold pieces
   957 | D:2      | Bought a scroll of identify for 20 gold pieces
  1039 | D:2      | Reached skill level 4 in Conjurations
  1253 | D:2      | Found Bysch's Armour Shop.
  1272 | D:2      | Identified the +4 falchion of Distraction {venom, rElec
                  | Dex+2}
  1341 | D:2      | Found Muenk's Magic Scroll Shoppe.
  1347 | D:2      | Bought a scroll of noise for 14 gold pieces
  1372 | D:2      | Found Dengum's Book Shop.
  1438 | D:2      | Noticed Jessica
  1442 | D:2      | Killed Jessica
  1443 | D:2      | Reached XP level 4. HP: 33/33 MP: 6/10
  1478 | D:2      | Got Jessica's Octavo of the Dead
  1583 | D:2      | Bought a scroll of identify for 20 gold pieces
  1616 | D:2      | Bought a scroll of identify for 28 gold pieces
  1993 | D:3      | Reached skill level 1 in Translocations
  2191 | D:3      | Learned a level 4 spell: Iskenderun's Mystic Blast
  2247 | D:3      | Reached skill level 1 in Long Blades
  2247 | D:3      | Reached XP level 5. HP: 33/38 MP: 5/12
  2385 | D:3      | Noticed Natasha
  2405 | D:3      | Killed Natasha
  2766 | D:3      | Found Ekyoh's Assorted Antiques.
  2769 | D:3      | Bought a scroll labelled BAATUE GAHOCO for 27 gold pieces
  2883 | D:4      | Noticed an ogre
  3059 | D:4      | Reached XP level 6. HP: 45/45 MP: 5/13
  3237 | D:4      | Learned a level 2 spell: Passwall
  3273 | D:4      | Found a transporter.
  3294 | D:4      | Found a transporter.
  3299 | D:4      | Noticed Danienth's ghost (amateur DsNe)
  3833 | D:4      | Reached skill level 5 in Conjurations
  3914 | D:5      | Entered Level 5 of the Dungeon
  3955 | D:3      | Noticed Natasha
  3967 | D:3      | Killed Natasha
  3968 | D:3      | Reached XP level 7. HP: 30/50 MP: 10/15
  3995 | D:2      | Bought a scroll of identify for 28 gold pieces
  3995 | D:2      | Bought a scroll of identify for 28 gold pieces
  4092 | D:2      | Found Ezy Heron's Magic Scroll Shoppe.
  4185 | D:2      | Found Bysch's Armour Shop.
  4296 | D:2      | Found Dengum's Book Shop.
  4739 | D:3      | Noticed Natasha
  4753 | D:3      | Killed Natasha
  4892 | D:3      | Found Ekyoh's Assorted Antiques.
  6469 | D:6      | Noticed ranchalot's ghost (novice DrAE)
  6469 | D:6      | Found a runed translucent gate.
  6469 | D:6      | Found a runed translucent gate.
  6469 | D:6      | Found a runed translucent gate.
  6551 | D:6      | Reached XP level 8. HP: 57/57 MP: 14/17
  6574 | D:6      | Found a staircase to the Ecumenical Temple.
  6583 | Temple   | Entered the Ecumenical Temple
  7244 | D:6      | Reached skill level 6 in Conjurations
  7555 | D:6      | Found Ratavi Ufor's Tremendous Tomes.
  8314 | D:7      | Reached skill level 1 in Transmutations
  8651 | D:7      | Reached skill level 5 in Spellcasting
  8651 | D:7      | Reached skill level 1 in Earth Magic
  9267 | D:8      | Reached skill level 1 in Armour
  9322 | D:8      | Found a staircase to the Lair.
  9366 | D:8      | Reached XP level 9. HP: 62/62 MP: 13/20
  9931 | D:8      | Reached skill level 5 in Translocations
 10089 | D:8      | Found a runed translucent door.
 10089 | D:8      | Noticed Pyropingo's ghost (novice MiBe)
 10689 | D:9      | HP: 3/62 [something (3)]
 11091 | D:9      | Noticed a two-headed ogre
 11217 | D:9      | Killed a two-headed ogre
 11218 | D:9      | Reached skill level 5 in Stealth
 11218 | D:9      | Reached skill level 7 in Conjurations
 11514 | D:2      | Bought the +0 helmet of Nedont {rC+} for 259 gold pieces
 11648 | D:4      | Killed Danienth's ghost
 11797 | Lair:1   | Entered Level 1 of the Lair of Beasts
 11797 | Lair:1   | Found a gate leading to a gauntlet.
 11802 | Gauntlet | Entered a Gauntlet
 11802 | Gauntlet | Found a transporter.
 11802 | Gauntlet | Found a transporter.
 11802 | Gauntlet | Found a runed translucent door.
 11802 | Gauntlet | Found a runed translucent door.
 11802 | Gauntlet | Found a runed translucent gate.
 11802 | Gauntlet | Found a runed translucent gate.
 11805 | Gauntlet | Noticed a necromancer
 11808 | Gauntlet | Found a transporter.
 11809 | Gauntlet | Noticed a necromancer
 11829 | Gauntlet | Found a transporter.
 11837 | Gauntlet | Found a transporter.
 11837 | Gauntlet | Found a transporter.
 11837 | Gauntlet | Noticed an ice statue
 11839 | Gauntlet | Found a transporter.
 11839 | Gauntlet | Found a transporter.
 11841 | Gauntlet | Found a transporter.
 11851 | Gauntlet | Found a transporter.
 11858 | Gauntlet | Noticed an orange crystal statue
 11867 | Gauntlet | Found a transporter.
 11877 | Gauntlet | Found a transporter.
 11886 | Gauntlet | Noticed a hell hog
 11891 | Gauntlet | Found a transporter.
 11905 | Gauntlet | Noticed a rime drake
 11911 | Gauntlet | Found a transporter.
 11913 | Gauntlet | Found a runed translucent gate.
 12005 | Gauntlet | Reached XP level 10. HP: 42/69 MP: 10/22
 12012 | Gauntlet | Identified the +1 cloak of Ogaigaro {Str+4}
 12077 | Gauntlet | Learned a level 4 spell: Fulminant Prism
 12136 | Gauntlet | Killed an ice statue
 12214 | Gauntlet | Killed a hell hog
 12215 | Gauntlet | Reached skill level 5 in Dodging
 12307 | Gauntlet | Identified the +0 hat of the Slightly Bent {rElec}
 12336 | Gauntlet | Noticed a minotaur
 12356 | Gauntlet | HP: 2/51 [minotaur/sling bullet (4)]
 12359 | Gauntlet | Got the Treatise on Attacks
 12359 | Gauntlet | Shot with a sling bullet by a minotaur

Illustrated notes

Levels and vault maps discovered:
D:1:      psy_arrival_whirlpool, layout_rooms, serial_curves, eino_curves_02,
          eino_curves_04, eino_curves_01
D:2:      layout_rooms, serial_shops, shop, nicolae_shop_tiny_real_fake_doors,
          shop, nicolae_shop_statue_plus, kennysheep_jessica_study
D:3:      layout_basic, serial_shops, nicolae_shop_real_fake_doors,
          nicolae_ecumenical_pavilion, minmay_between, uniq_natasha
D:4:      layout_rooms, gammafunk_ghost_mausoleum
D:5:      kennysheep_kobold_camp, layout_rooms, kennysheep_ying_yang
D:6:      layout_cave_pools, mainiacjoe_overflow_alcove_1,
          mainiacjoe_overflow_surrounded_room, fedhas_altar_fruit_tree,
          nicolae_kikubaaqudgha_miasma_corner, minmay_temple_entry_purple_smoke,
          ebering_ghost_rock_garden, nicolae_shop_i_like_big_books
D:7:      layout_layer_cave, minmay_misc_feat_rows
D:8:      layout_loops_cross, nicolae_tso_besieged_by_evil, dpeg_oklobed_lair,
          hellmonk_ghost_happy_afterlife
D:9:      cheibrodos_statue_roulette, layout_basic,
          chequers_temple_overflow_minitemple
Temple:   grunt_temple_mini_profane
Lair:1:   layout_regular_city, gauntlet_entry_generic
Gauntlet: gammafunk_gauntlet_mixed_choke_point
          [minmay_gauntlet_arena_77_run_for_it,
          minmay_gauntlet_arena_77_shame_cube,
          minmay_gauntlet_arena_77_radiant_squares,
          nicolae_gauntlet_arena_grate_2, minmay_gauntlet_arena_77_box,
          minmay_gauntlet_arena_77_p_blocks, minmay_gauntlet_arena_77_braids,
          gauntlet_exit_watery]

Skill      XL: |  1  2  3  4  5  6  7  8  9 10 |
---------------+-------------------------------+-----
Stealth        | 2 3 4 5 |  5.4
Dodging        | 2 3 4 5 |  5.0
Spellcasting   | 2 3 4 5 6 |  6.3
Conjurations   | 4 5 6 7 |  7.6
Translocations | 1 2 3 4 5 6 |  6.3
Long Blades    | 1 2 3 4 |  4.1
Transmutations | 1 2 3 |  3.0
Earth Magic    | 1 2 3 |  3.0
Armour         | 1 2 |  2.8

Action                     |  1- 3 |  4- 6 |  7- 9 | 10-12 || total
---------------------------+-------+-------+-------+-------++-------
  Melee: Dagger            |     3 |       |       |       ||     3
         Falchion          |     1 |    14 |    72 |     2 ||    89
         Punch             |       |       |     2 |       ||     2
   Cast: Magic Dart        |    68 |    90 |   199 |     2 ||   359
         Searing Ray       |     1 |    11 |    49 |     3 ||    64
         Iskenderun's Myst |       |       |    17 |     9 ||    26
         Fulminant Prism   |       |       |       |    10 ||    10
  Evoke: Wand              |       |       |     2 |       ||     2
    Use: Scroll            |     2 |     4 |    13 |     2 ||    21
         Potion            |       |       |     4 |     2 ||     6
   Stab: Sleeping          |     1 |       |     1 |       ||     2
 Armour: Robe              |     6 |     4 |    28 |     2 ||    40
         Troll leather arm |       |       |    29 |     3 ||    32
  Dodge: Dodged            |    11 |    15 |    93 |     9 ||   128
